 Dungeon Crawl Stone Soup version 0.28-a0-537-g3bccd9ccbf (webtiles) character file.

Game seed: 855801851792460794

8557 speeev33 the Protected (level 11, 0/74 HPs)
             Began as a Gargoyle Fighter on Sept 27, 2021.
             Was an Elder of Okawaru.
             Slain by a two-headed ogre (15 damage)
             ... on level 10 of the Dungeon on Sept 28, 2021.
             The game lasted 00:23:14 (12302 turns).

speeev33 the Protected (Gargoyle Fighter)          Turns: 12302, Time: 00:23:15

Health: 0/74       AC: 28    Str: 24    XL:     11   Next: 32%
Magic:  10/11      EV: 11    Int: 14    God:    Okawaru [****..]
Gold:   476        SH:  9    Dex:  9    Spells: 10/10 levels left

rFire   . . .      SeeInvis .   H - +2 morningstar (protect)
rCold   . . .      Faith    .   c - +0 buckler
rNeg    + . .      Spirit   .   F - +0 plate armour
rPois   ∞          Reflect  +   g - +1 hat
rElec   +          Harm     .   s - +1 cloak of Starlight {*Dazzle EV+4 Stlth--}
rCorr   .          Rampage  .   I - +0 pair of gloves
Will    +....                   (no boots)
Stlth   ..........              u - amulet of reflection
HPRegen 0.22/turn               i - ring of willpower
MPRegen 0.12/turn               w - +6 ring of intelligence

@: studying Fire Magic
A: sickness immunity, AC +8, negative energy resistance 1, electricity
resistance, torment resistance 1, petrification resistance
a: Renounce Religion, Heroism, Finesse


You were on level 10 of the Dungeon.
You worshipped Okawaru.
Okawaru was greatly pleased with you.
You visited 2 branches of the dungeon, and saw 11 of its levels.
You also visited: Ossuary.

You collected 476 gold pieces.

Inventory:

Hand Weapons
 H - a +2 morningstar of protection (weapon)
Missiles
 p - a throwing net (quivered)
Armour
 c - a +0 buckler (worn)
 g - a +1 hat (worn)
 s - the +1 cloak of Starlight (worn) {*Dazzle EV+4 Stlth--}
   (You acquired it on level 5 of the Dungeon)

   It may blind those who miss an attack against the wearer in melee combat.
   EV:        It affects your evasion (+4).
   Stlth:     It makes you much less stealthy.
 F - a +0 plate armour (worn)
 I - a +0 pair of gloves (worn)
Jewellery
 f - an amulet of regeneration
 i - a ring of willpower (left hand)
 u - an amulet of reflection (around neck)
 w - a +6 ring of intelligence (right hand)
 E - a ring of positive energy
Wands
 q - a wand of iceblast (11)
 r - a wand of flame (21)
 G - a wand of mindburst (9)
Scrolls
 k - 2 scrolls of immolation
 m - 3 scrolls of amnesia
 o - 4 scrolls of teleportation
 t - a scroll of enchant armour
 x - a scroll of summoning
 y - a scroll of magic mapping
Potions
 a - a potion of haste
 b - 7 potions of curing
 d - 3 potions of might
 e - 2 potions of ambrosia
 h - a potion of resistance
 j - 3 potions of mutation
 l - a potion of berserk rage
 n - a potion of degeneration
 v - a potion of flight
 z - a potion of attraction {unknown}
 A - a potion of magic
 B - a potion of brilliance {unknown}
 D - a potion of lignification {unknown}
 J - 2 potions of heal wounds


   Skills:
 + Level 11.3 Fighting
 + Level 10.2 Maces & Flails
 + Level 11.4 Armour
 - Level 4.0 Shields


You had 10 spell levels left.
You didn't know any spells.
Your spell library contained the following spells:

 Spells                   Type           Power      Damage    Failure   Level
 Scorch                   Fire           0%         2d5       99%         2
 Flame Wave               Conj/Fire      0%         3d3       100%        4
 Animate Dead             Necr           Unusable   N/A       N/A         4
 Summon Cactus Giant      Summ           Unusable   N/A       N/A         6
 Haunt                    Necr/Summ      Unusable   N/A       N/A         7
 Infestation              Necr           Unusable   N/A       N/A         8

Dungeon Overview and Level Annotations

Branches:
Dungeon (10/15)            Temple (1/1) D:6         Ossuary (visited)
   Lair: D:8-11         Orc: D:9-12

Altars:
Ashenzari
Cheibriados
Dithmenos
Elyvilon
Fedhas
Gozag
Hepliaklqana
Kikubaaqudgha
Makhleb
Nemelex Xobeh
Okawaru
Qazlal
Ru
Sif Muna
Trog
Uskayaw
Wu Jian
Yredelemnul
Zin
The Shining One

Annotations:
D:10 Sonja


Innate Abilities, Weirdness & Mutations

You are immune to sickness and miasma.
Your stone body is resilient. (AC +8)
You are immune to poison.
You resist negative energy. (rN+)
You are resistant to electric shocks. (rElec)
You are resistant to unholy torment.
You are immune to petrification.


Message History

Your weapon exudes an aura of protection.
The two-headed ogre is lightly wounded.
The two-headed ogre hits you with a +0 giant club!
You block the two-headed ogre's attack.
You thump the two-headed ogre!
The two-headed ogre is moderately wounded.
The two-headed ogre hits you with a +0 giant club.
The two-headed ogre closely misses you.
Okay, then.
You gain the combat prowess of a mighty hero.
The two-headed ogre hits you with a +0 giant club.
The two-headed ogre hits you with a +0 giant spiked club!
You hit the two-headed ogre.
Your weapon exudes an aura of protection.
The two-headed ogre is moderately wounded.
The two-headed ogre hits you with a +0 giant club!
* * * LOW HITPOINT WARNING * * *
The two-headed ogre hits you but does no damage.
Unknown command.
Unknown command.
Aiming: Iceblast
Press: ? - help, Shift-Dir - straight line, f - two-headed ogre
Aim: a two-headed ogre, wielding a +0 giant club and a +0 giant spiked club (moderately wounded)
The mass of ice explodes!
The iceblast engulfs the two-headed ogre!
The two-headed ogre is heavily wounded.
You hear an angry hiss.
A komodo dragon comes into view.
The komodo dragon hisses angrily.
You hear two shouts!
Sonja, the Graceful Assassin comes into view.
She is wielding a +2 short sword of distortion, quivering curare-tipped darts and carrying a wand of iceblast (10).
Sonja shouts!
You hear a shout!
Sonja throws a curare-tipped dart.
The curare-tipped dart hits you.
A two-headed ogre comes into view.
It is wielding a +0 giant club and a +0 giant spiked club.
Sonja mumbles some strange words.
Sonja blinks!
An orc priest comes into view. It is wielding a +0 whip.
Sonja moves out of view.
You feel like a meek peon again.
The two-headed ogre hits you with a +0 giant club!
You die...

.......#.......# #..#
.§.o....#..##...#####..#
........#..##..........#
........#..##..........#
........#..##...........
.......#..##...≈≈.≈....
.......#..##...≈≈≈...≈≈
#..O..##...≈≈≈≈....
#.@...##....≈≈≈...≈
#<.#..##...≈≈≈≈≈≈≈≈
#.÷#..##...≈≈..≈.≈.
#..#..##...≈.≈≈≈≈≈≈
#..#l.##...≈≈..≈≈≈.
#..#..##.......≈≈≈≈
#..#..##..........#
#..#.O# ....... ...# ...


You could see a two-headed ogre and an orc priest.

Vanquished Creatures
  Gastronok (D:8)
  Harold (D:7)
  Maurice (D:8)
  Joseph (D:8)
  Maggie (D:8)
  2 trolls (D:9)
  Grinder (D:5)
  A wraith (Ossuary)
  5 yaks
  3 wyverns
  2 steam dragons (D:9)
  2 water moccasins
  3 orc warriors
  4 ogres
  2 black bears
  2 ice beasts
  A sky beast (D:6)
  A necrophage (D:4)
  A wolf (D:10)
  2 phantoms
  3 centaurs
  A bullfrog (D:7)
  A gnoll sergeant (D:8)
  3 scorpions
  5 killer bees (D:9)
  5 wights (D:8)
  An electric eel (D:10)
  A howler monkey (D:10)
  2 bullfrog zombies
  3 centaur zombies (D:7)
  8 orc priests
  A human zombie (Ossuary)
  3 hounds
  Crazy Yiuf (D:3)
  A centaur skeleton (D:4)
  A gnoll shaman (D:7)
  An iguana (D:6)
  9 orc wizards
  Natasha (thrice) (D:4)
  A killer bee zombie (D:5)
  A hound skeleton (D:5)
  3 mummies (Ossuary)
  8 gnolls
  A howler monkey skeleton (D:6)
  8 adders
  4 white imps
  An ufetubus (D:10)
  A worm (D:4)
  3 dart slugs
  36 orcs
  9 ball pythons
  11 endoplasms
  5 giant cockroaches
  5 goblins
  7 hobgoblins
  3 jackals (D:1)
  4 quokkas
  2 bats
  3 frilled lizards
  5 hobgoblin zombies (Ossuary)
  5 kobolds
  3 kobold zombies (Ossuary)
  8 rats
227 creatures vanquished.

Vanquished Creatures (others)
  A fungus (D:3)
  25 plants (D:10)
26 creatures vanquished.

Grand Total: 253 creatures vanquished

Notes
Turn   | Place    | Note
-------+----------+-------------------------------------------
     0 | D:1      | speeev33 the Gargoyle Fighter began the quest for the Orb.
     0 | D:1      | Reached XP level 1. HP: 14/14 MP: 1/1
   392 | D:1      | Reached XP level 2. HP: 12/19 MP: 2/2
   796 | D:1      | Reached XP level 3. HP: 15/23 MP: 3/3
  1690 | D:2      | Reached XP level 4. HP: 28/29 MP: 4/4
  2030 | D:2      | Noticed a phantom
  2052 | D:2      | Killed a phantom
  2053 | D:2      | Reached XP level 5. HP: 19/34 MP: 5/5
  2838 | D:3      | Found a broken altar of Ashenzari.
  3148 | D:3      | Found a hazy altar of Hepliaklqana.
  3434 | D:3      | Found a runed translucent door.
  3435 | D:3      | Noticed Crazy Yiuf
  3446 | D:3      | Killed Crazy Yiuf
  3558 | D:4      | Noticed Natasha
  3559 | D:4      | Reached skill level 5 in Armour
  3559 | D:4      | Reached XP level 6. HP: 40/40 MP: 6/6
  3573 | D:4      | Killed Natasha
  3843 | D:4      | Reached skill level 5 in Fighting
  3986 | D:4      | Found a white marble altar of Elyvilon.
  4121 | D:4      | Noticed a necrophage
  4137 | D:4      | Killed a necrophage
  4138 | D:4      | Reached XP level 7. HP: 42/44 MP: 7/7
  4193 | D:4      | Noticed Natasha
  4466 | D:4      | Killed Natasha
  4484 | D:4      | Noticed Natasha
  4503 | D:4      | Killed Natasha
  5108 | D:5      | Entered Level 5 of the Dungeon
  5111 | D:5      | Identified a scroll of acquirement
  5111 | D:5      | Acquired the +1 cloak of Starlight {*Dazzle EV+4 Stlth--}
  5111 | D:5      | Found the +1 cloak of Starlight {*Dazzle EV+4 Stlth--}
  5380 | D:5      | Reached skill level 5 in Maces & Flails
  5422 | D:5      | Noticed Grinder
  5457 | D:4      | Reached XP level 8. HP: 49/52 MP: 8/8
  5472 | D:5      | Paralysed by Grinder for 6 turns
  5485 | D:5      | Killed Grinder
  6204 | D:6      | HP: 2/53 [ogre (9)]
  6909 | D:6      | Reached XP level 9. HP: 58/58 MP: 9/9
  7102 | D:6      | Found a staircase to the Ecumenical Temple.
  7153 | Temple   | Entered the Ecumenical Temple
  7202 | Temple   | Became a worshipper of Warmaster Okawaru
  7261 | D:7      | Found a hide-covered altar of Uskayaw.
  7541 | D:7      | Found a sand-covered staircase.
  7546 | Ossuary  | Entered an ossuary
  8047 | D:7      | Noticed Harold
  8232 | D:7      | HP: 2/60 [orc warrior (14)]
  8914 | D:7      | Reached * piety under Okawaru
  9162 | D:7      | Killed Harold
  9163 | D:7      | Reached XP level 10. HP: 41/66 MP: 10/10
  9361 | D:7      | Reached ** piety under Okawaru
  9638 | D:8      | Noticed Maurice
  9676 | D:8      | Killed Maurice
 10037 | D:8      | Reached skill level 10 in Armour
 10042 | D:8      | Noticed Joseph
 10046 | D:8      | Noticed Gastronok
 10081 | D:8      | Killed Joseph
 10081 | D:8      | Reached *** piety under Okawaru
 10082 | D:8      | Reached skill level 10 in Fighting
 10191 | D:8      | Killed Gastronok
 10304 | D:8      | Found a bloodstained altar of Trog.
 10406 | D:8      | Found a stormy altar of Qazlal.
 10503 | D:8      | Noticed Maggie
 10513 | D:8      | Killed Maggie
 10797 | D:9      | Found the +8 lance "Wyrmbane" {slay drac, rPois rF+ rC+
                  | AC+3}
 10797 | D:9      | Noticed an orb spider
 10798 | D:9      | Noticed a cyclops
 10798 | D:9      | Noticed a cyclops
 10798 | D:9      | Noticed a two-headed ogre
 10798 | D:9      | Noticed a boulder beetle
 10798 | D:9      | Noticed a five-headed hydra
 10799 | D:9      | Noticed a cane toad
 10805 | D:9      | Noticed a deep elf pyromancer
 10816 | D:9      | Noticed a cane toad
 10904 | D:9      | Reached **** piety under Okawaru
 10905 | D:9      | Reached XP level 11. HP: 73/73 MP: 11/11
 11141 | D:9      | Found a shadowy altar of Dithmenos.
 11142 | D:9      | Found an opulent altar of Gozag.
 11144 | D:9      | Found an ancient bone altar of Kikubaaqudgha.
 11144 | D:9      | Found a snail-covered altar of Cheibriados.
 11536 | D:9      | Noticed a glowing orange brain
 11600 | D:9      | Reached skill level 10 in Maces & Flails
 11880 | D:10     | Entered Level 10 of the Dungeon
 12268 | D:10     | Noticed a two-headed ogre
 12301 | D:10     | Noticed Sonja
 12301 | D:10     | Noticed a two-headed ogre
 12302 | D:10     | Slain by a two-headed ogre

Illustrated notes

Levels and vault maps discovered:
D:1:      dpeg_arrival_water_fire, layout_basic
D:2:      layout_basic, minivault_27, minivault_11, nrook_loot_triangle,
          hangedman_abyss_or_decor_lesser_grid, grunt_decor_arrowhead,
          st_stairs_9
D:3:      layout_basic, nicolae_ashenzari_panopticon,
          mainiacjoe_overflow_surrounded_room, uniq_crazy_yiuf_cottage
D:4:      layout_layer_cave, mainiacjoe_overflow_catwalk, uniq_natasha
D:5:      layout_rooms, uniq_grinder
D:6:      layout_rooms, temple_doors_cd, amcnicky_mini_corridor_feature
D:7:      layout_cave_pools, nicolae_uskayaw_murder_on_the_dancefloor,
          enter_ossuary_2, uniq_harold
D:8:      layout_cave_pools, grunt_qazlal_sundering, trog_ov_bears_minmay,
          amethyst_killhole, uniq_maggie, uniq_maurice, uniq_gastronok,
          uniq_joseph
D:9:      layout_roguey, grunt_temple_overflow_open, minmay_misc_feat_pillars,
          minivault_12
D:10:     layout_long_grid, lemuel_tele_altar, fiery_altar_vehumet,
          david_lair_shrubbed, serial_ice, serial_ice_j, serial_ice_c,
          serial_ice_b, serial_ice_h, uniq_erica, uniq_sonja, uniq_nergalle
Temple:   zaba_magenta_temple

Skill      XL: |  1  2  3  4  5  6  7  8  9 10 11 |
---------------+----------------------------------+-----
Fighting       | 4 5 6 7 9 10 11 | 11.3
Maces & Flails | 3 4 5 6 8 9 10 | 10.2
Armour         | 4 5 6 7 9 10 11 | 11.4
Shields        | 4 |  4.0

Action                   |  1- 3 |  4- 6 |  7- 9 | 10-12 || total
-------------------------+-------+-------+-------+-------++-------
Melee: Flail             |   106 |   229 |   465 |    50 ||   850
       Morningstar       |       |       |       |   261 ||   261
Throw: Throwing net      |       |       |       |     1 ||     1
Invok: Heroism           |       |       |       |     1 ||     1
Evoke: Wand              |       |       |       |     7 ||     7
  Use: Scroll            |     1 |     3 |    15 |     4 ||    23
       Potion            |       |       |     2 |       ||     2
 Stab: Invisible         |       |       |     5 |     3 ||     8
Armor: Scale mail        |    11 |       |       |       ||    11
       Chain mail        |    82 |   203 |   202 |       ||   487
       Plate armour      |       |       |    36 |   199 ||   235
Dodge: Dodged            |    37 |    72 |   252 |   187 ||   548
Block: Buckler           |    27 |    57 |   186 |   182 ||   452
       Reflection        |       |       |     6 |     7 ||    13

Table legend: (Time is in decaauts)
 A = Elapsed time spent in this place.
 B = Non-inter-level travel time spent in this place.
 C = Inter-level travel time spent in this place.
 D = Time resting spent in this place.
 E = Time spent auto-exploring this place.
 F = Levels seen in this place.
 G = Mean time per level.
                   A        B        C        D        E       F      G
               +--------+--------+--------+--------+--------+-----+--------+
         Total |  12470 |  12180 |    290 |   3696 |   4668 |  12 | 1039.2 |
       Dungeon |  11915 |  11637 |    278 |   3644 |   4619 |  10 | 1191.5 |
        Temple |     62 |     50 |     12 |      0 |     41 |   1 |   62.0 |
       Ossuary |    492 |    492 |      0 |     52 |      8 |   1 |  492.0 |
               +--------+--------+--------+--------+--------+-----+--------+

Top non-repeatable levels by time:
     D:6: 1658 daAuts
     D:1: 1403 daAuts
     D:3: 1382 daAuts
     D:5: 1361 daAuts
     D:7: 1270 daAuts
     D:4: 1256 daAuts
     D:9: 1229 daAuts
     D:2: 1201 daAuts
     D:8: 871 daAuts
 Ossuary: 492 daAuts
    D:10: 280 daAuts
  Temple: 62 daAuts
